 Dungeon Crawl Stone Soup version 0.23-a0-396-g5214e5f (webtiles) character file.

30065 Mgcat the Severer (level 13, -7/99 (100) HPs)
             Began as a Centaur Berserker on Nov 2, 2018.
             Was a High Priest of Trog.
             Killed from afar by a rime drake (9 damage)
             ... with a flash freeze
             ... on level 4 of the Lair of Beasts.
             The game lasted 00:32:05 (15867 turns).

Mgcat the Severer (Centaur Berserker)              Turns: 15867, Time: 00:32:06

HP:   -7/99 (100)   AC: 20    Str: 23    XL:     13   Next: 18%
MP:   0/13          EV:  5    Int:  6    God:    Trog [*****.]
Gold: 894           SH:  0    Dex: 14    Spells: 12/12 levels left

rFire    . . .     SeeInvis .   a - +0 shortbow
rCold    . . .     Gourm    .   (shield currently unavailable)
rNeg     . . .     Faith    .   G - +1 plate armour
rPois    +         Spirit   +   r - +1 helmet
rElec    .         Reflect  .   I - scarf {Spirit}
rCorr    .         Harm     .   p - +0 pair of gloves
MR       .....                  J - +1 centaur barding
Stlth    ..........             e - amulet of the acrobat
HPRegen  0.26/turn              u - ring of poison resistance {rPois, !d}
MPRegen  0.13/turn              K - +3 ring of dexterity

@: lethally poisoned (-7 -> -7), berserk cooldown, slowed
A: large, hooves 3, deformed body, speed 2, tough skin 3
a: Berserk, Trog's Hand, Brothers in Arms, Renounce Religion


You were on level 4 of the Lair of Beasts.
You worshipped Trog.
Trog was extremely pleased with you.
You were not hungry.

You visited 2 branches of the dungeon, and saw 15 of its levels.
You also visited: Ossuary.

You collected 894 gold pieces.

Inventory:

Hand Weapons
 a - a +0 shortbow (weapon)
   (You took it off a centaur on level 5 of the Dungeon)
 b - the +8 battleaxe of Dissent {speed, rPois Str+2}
   (Trog gifted it to you on level 9 of the Dungeon)

   Attacks with this weapon are significantly faster.
   It affects your strength (+2).
   It protects you from poison.
Missiles
 g - 263 arrows (quivered)
 N - 3 throwing nets {=f, !d}
Armour
 p - a +0 pair of gloves (worn)
   (You found it on level 2 of the Dungeon)
 r - a +1 helmet (worn)
   (You took it off Robin on level 2 of the Dungeon)
 G - a +1 plate armour (worn)
   (You took it off an orc warrior on level 6 of the Dungeon)
 I - a scarf of spirit shield (worn)
   (You found it on level 6 of the Dungeon)
 J - a +1 centaur barding (worn)
   (You found it on level 7 of the Dungeon)
Jewellery
 e - an amulet of the acrobat (around neck)
   (You found it on level 1 of the Dungeon)
 u - a ring of poison resistance (left hand) {rPois, !d}
   (You found it on level 2 of the Dungeon)
 C - a +2 ring of strength
   (You found it on level 4 of the Dungeon)
 K - a +3 ring of dexterity (right hand)
   (You took it off a wight on level 8 of the Dungeon)
 O - an uncursed amulet of regeneration {+regen, !d}
   (You found it on level 11 of the Dungeon)
 P - an uncursed ring of ice {rC+, rF-}
   (You took it off Fannar on level 1 of the Lair of Beasts)
 R - an uncursed ring of ice {rC+, rF-}
   (You found it on level 3 of the Lair of Beasts)
Wands
 t - a wand of clouds (5)
   (You found it on level 5 of the Dungeon)
 y - a wand of flame (34)
   (You took it off Ijyb on level 4 of the Dungeon)
 E - a wand of iceblast (6)
   (You found it on level 11 of the Dungeon)
 H - a wand of polymorph (7)
   (You found it on level 6 of the Dungeon)
 T - a wand of scattershot (3)
   (You found it on level 2 of the Lair of Beasts)
 V - a wand of acid (8)
   (You found it on level 4 of the Lair of Beasts)
Scrolls
 i - 8 scrolls of immolation {!r}
 k - 4 scrolls of teleportation
 l - 9 scrolls of remove curse
 n - 7 scrolls of magic mapping {!r}
 w - 2 scrolls of enchant weapon
 x - a scroll of blinking {!r}
 F - 7 scrolls of identify
 L - a scroll of holy word {!r}
 M - 2 scrolls of fog
Potions
 d - 4 potions of flight
 f - 3 potions of haste
 h - 3 potions of brilliance
 j - 8 potions of curing
 m - 8 potions of heal wounds
 o - 2 potions of magic
 q - 5 potions of mutation {!q}
 s - 3 potions of berserk rage {!q}
 v - 2 potions of might
 z - 7 potions of agility
 A - 6 potions of lignification {!q}
 B - 4 potions of ambrosia
 D - 2 potions of resistance
 Q - 2 potions of invisibility
 S - 2 potions of cancellation
Comestibles
 c - 25 rations
 U - 12 chunks of flesh {@w0}


   Skills:
 - Level 5.0 Fighting
 + Level 15.7 Axes
 - Level 14.1 Bows
 - Level 5.0 Armour
 - Level 5.0 Dodging


You had 12 spell levels left.
You didn't know any spells.
Your spell library was empty.

Dungeon Overview and Level Annotations

Branches:
Dungeon (11/15)            Temple (0/1) D:6            Lair (4/6) D:9
 Shoals (0/4) Lair:4       Spider (0/4) Lair:4          Orc (0/2) D:11

Altars:
Cheibriados
Elyvilon
Qazlal
Ru
Vehumet
Yredelemnul
Zin
The Shining One
Jiyva

Shops:
D:11 :

Annotations:
Lair:2 3 runed doors, Cycubueb's ghost, journeyman MiFi


Innate Abilities, Weirdness & Mutations

You have hooves in place of feet.
Armour fits poorly on your strangely shaped body.
You cover ground very quickly.
You have extremely tough skin. (AC +3)


Message History

You slice the wolf!!
You kill the wolf!
Trog accepts your kill.
You miss the killer bee.
The killer bee stings you but does no damage.
You barely miss the killer bee. Your kick misses the killer bee.
You slice the killer bee!!
You kill the killer bee!
Trog accepts your kill. Something appears before you!
Trog grants you ammunition!
A killer bee comes into view.
Unknown command.
Unknown command.
The killer bee buzzes angrily.
You slice the killer bee!!
You kill the killer bee!
Trog accepts your kill.
You slice the killer bee!!
You kill the killer bee!
Trog accepts your kill.
You feel sick.
You hear an angry buzzing noise. x3; You hear an angry hiss.
A meliai comes into view. It is wielding a +0 hand axe.
The meliai buzzes angrily.
You hear an angry buzzing noise.
You hear a bellow!
A killer bee comes into view.
A meliai comes into view. It is wielding a +0 hand axe.
A hell rat comes into view.
The steam dragon breathes steam at you. The ball of steam misses you.
The hell rat roars deafeningly!
You hear an angry buzzing noise. x2
Things that are here:
a killer bee corpse; a wolf corpse Unknown command.
Unknown command.
Unknown command.
You feel a strong urge to attack something.
You are engulfed in a cloud of scalding steam.
You are no longer berserk.
You are exhausted.
You feel yourself slow down.
Unknown command.
Unknown command.
Unknown command.
Unknown command.
You are engulfed in a cloud of scalding steam.
The killer bee buzzes angrily.
You hear a bellow!
The meliai invokes the aid of its god against you.
Something smites you!
* * * LOW HITPOINT WARNING * * *
The killer bee is engulfed in a cloud of scalding steam.
The meliai mumbles some strange prayers to its god against you.
Something smites you!
* * * LOW HITPOINT WARNING * * *
Unknown command.
Unknown command.
Unknown command.
You feel sick.
Unknown command.
Unknown command.
As you read the scroll of teleportation, it crumbles to dust.
You feel strangely unstable.
The meliai mumbles some strange prayers to its god against you.
Something smites you!
* * * LOW HITPOINT WARNING * * *
The killer bee is engulfed in a cloud of scalding steam.
The killer bee stings you but does no damage.
The killer bee is engulfed in a cloud of scalding steam.
The killer bee stings you but does no damage.
You hear an angry hiss.
Unknown command.
Unknown command.
Unknown command.
The killer bee closely misses you.
Unknown command.
Unknown command.
You feel sick.
A killer bee comes into view.
The killer bee barely misses you.
Unknown command.
Unknown command.
Your surroundings suddenly seem different.
Unknown command.
Unknown command.
Unknown command.
Unknown command.
Eating one of 13 chunks of flesh {@w0}.
You eat one of the 13 chunks of flesh {@w0}.
This raw flesh tastes terrible.
You feel sick.
A rime drake comes into view.
Unknown command.
Unknown command.
Unknown command.
a - a +0 shortbow (weapon)
You feel sick.
The rime drake hisses angrily.
The rime drake breathes ice at you. The flash freeze hits you!
You die...

..........###.#.#.......
.k.......##..#..##.....#
................##.....#
.........P..............
........................
.......<.P...#.#P.......
.......................
......................#
.......@.)............#
P......................
#####....##..## P#P#.##
###### ##


You could see a rime drake.

Vanquished Creatures
  Harold (D:10)
  A hydra (Lair:3)
  Fannar (Lair:1)
  Erica (D:11)
  3 two-headed ogres (D:11)
  An unseen horror (D:10)
  A wizard (D:11)
  An orb spider (Lair:4)
  6 elephants
  Joseph (D:10)
  Psyche (D:10)
  3 kobold demonologists (D:11)
  3 rime drakes
  3 komodo dragons
  A troll (D:9)
  A meliai (Lair:4)
  A polar bear (Lair:3)
  4 hippogriffs
  3 blink frogs (Lair:4)
  A wyvern (D:10)
  7 yaks
  A basilisk (D:9)
  2 steam dragons
  2 water moccasins
  5 porcupines (D:9)
  An ice beast (D:8)
  3 orc warriors
  3 sky beasts
  4 necrophages
  A phantom (D:4)
  An eye of draining (D:10)
  11 wolves
  3 ogres
  4 centaurs
  6 crocodiles
  5 big kobolds
  5 bullfrogs
  5 scorpions
  22 killer bees (Lair:4)
  5 wights (D:8)
  10 jellies
  4 howler monkeys
  6 crimson imps
  2 centaur zombies
  2 quasits
  12 orc priests
  A bullfrog skeleton (D:6)
  5 hounds
  16 orc wizards
  A centaur skeleton (D:9)
  Ijyb (D:4)
  5 iguanas
  9 worker ants
  A hell rat (Lair:4)
  A hound zombie (D:11)
  3 hound skeletons
  4 mummies (Ossuary)
  2 howler monkey zombies
  2 worker ant zombies
  Robin (D:2)
  11 adders
  2 shadow imps
  2 oozes
  An adder zombie (D:5)
  2 adder skeletons (D:8)
  8 worms
  3 dart slugs
  6 leopard geckos
  61 orcs
  4 ball pythons (D:2)
  6 giant cockroaches
  A gnoll zombie (Ossuary)
  13 goblins
  14 hobgoblins
  7 jackals
  18 kobolds
  4 quokkas
  5 bats
  3 frilled lizards
  A goblin zombie (Ossuary)
  A hobgoblin zombie (Ossuary)
  A jackal skeleton (D:7)
  2 kobold zombies (Ossuary)
  2 orc zombies (Ossuary)
  7 rats
407 creatures vanquished.

Vanquished Creatures (collateral kills)
  A hydra (Lair:1)
1 creature vanquished.

Vanquished Creatures (others)
  A plant (Lair:4)
1 creature vanquished.

Grand Total: 409 creatures vanquished

Notes
Turn   | Place    | Note
-------+----------+-------------------------------------------
     0 | D:1      | Mgcat the Centaur Berserker began the quest for the Orb.
     0 | D:1      | Reached XP level 1. HP: 19/19 MP: 1/1
   255 | D:1      | Reached skill level 3 in Axes
   255 | D:1      | Reached XP level 2. HP: 26/26 MP: 2/2
   987 | D:2      | Reached XP level 3. HP: 13/33 MP: 3/3
  1429 | D:2      | Noticed Robin
  1435 | D:2      | Reached ** piety under Trog
  1445 | D:2      | Killed Robin
  1445 | D:2      | Reached skill level 4 in Fighting
  1445 | D:2      | Reached XP level 4. HP: 18/40 MP: 4/4
  1447 | D:2      | HP: 15/60 [poisoned by a goblin]
  1451 | D:2      | HP: 6/40 [poisoned by a goblin]
  1632 | D:2      | Found a stormy altar of Qazlal.
  2547 | D:3      | Reached skill level 4 in Axes
  2734 | D:3      | Reached XP level 5. HP: 47/47 MP: 5/5
  2980 | D:3      | Found a snail-covered altar of Cheibriados.
  3084 | D:3      | Reached *** piety under Trog
  3300 | D:3      | Found a basalt altar of Yredelemnul.
  3621 | D:4      | Reached skill level 5 in Fighting
  3764 | D:4      | Reached XP level 6. HP: 48/56 MP: 6/6
  3838 | D:4      | Reached skill level 5 in Axes
  3888 | D:4      | Noticed Ijyb
  3896 | D:4      | Killed Ijyb
  3953 | D:4      | Found a glowing golden altar of the Shining One.
  3980 | D:4      | Reached skill level 6 in Axes
  4533 | D:5      | Entered Level 5 of the Dungeon
  4564 | D:5      | Reached XP level 7. HP: 17/61 MP: 7/7
  5054 | D:5      | Found a sand-covered staircase.
  5070 | D:5      | HP: 11/61 [scorpion (9)]
  5129 | Ossuary  | Entered an ossuary
  5323 | Ossuary  | Reached skill level 7 in Axes
  5357 | Ossuary  | Reached **** piety under Trog
  5565 | D:5      | Found a radiant altar of Vehumet.
  5730 | D:5      | HP: 14/61 [orc wizard/puff of flame (6)]
  5734 | D:5      | Reached skill level 8 in Axes
  6255 | D:6      | Reached XP level 8. HP: 65/68 MP: 8/8
  6615 | D:6      | Reached skill level 9 in Axes
  6671 | D:6      | HP: 25/102 [orc warrior/+0 short sword (10)]
  7107 | D:6      | Found a sacrificial altar of Ru.
  7161 | D:6      | Reached skill level 10 in Axes
  7496 | D:6      | Found a staircase to the Ecumenical Temple.
  7604 | D:7      | HP: 14/68 [steam dragon (9)]
  7606 | D:7      | Reached XP level 9. HP: 15/74 MP: 1/9
  8136 | D:7      | Reached skill level 14 in Axes
  8136 | D:7      | Reached XP level 10. HP: 81/81 MP: 10/10
  8137 | D:7      | Reached skill level 4 in Armour
  8137 | D:7      | Reached skill level 4 in Dodging
  8137 | D:7      | Reached XP level 11. HP: 86/86 MP: 11/11
  8510 | D:7      | Reached ***** piety under Trog
  8621 | D:7      | Got a heavily jewelled robe
  8773 | D:8      | Reached skill level 5 in Dodging
  8774 | D:8      | Reached skill level 5 in Armour
  8815 | D:8      | Reached skill level 1 in Bows
  8829 | D:8      | Reached skill level 2 in Bows
  8904 | D:8      | Reached skill level 3 in Bows
  8935 | D:8      | Found a glowing silver altar of Zin.
  9415 | D:9      | Reached skill level 4 in Bows
  9431 | D:9      | Reached skill level 5 in Bows
  9524 | D:9      | Found a white marble altar of Elyvilon.
  9705 | D:9      | Reached skill level 6 in Bows
  9719 | D:9      | HP: 23/129 [porcupine's spines (11)]
  9721 | D:9      | HP: 6/129 [crocodile (8)]
  9724 | D:9      | HP: 1/129 [porcupine's spines (5)]
  9724 | D:9      | Reached skill level 7 in Bows
 10022 | D:9      | Found a staircase to the Lair.
 10084 | D:9      | Found a viscous altar of Jiyva.
 10676 | D:9      | Received a gift from Trog
 10676 | D:9      | Reached skill level 8 in Bows
 10679 | D:9      | Got a twisted battleaxe {god gift}
 10680 | D:9      | Identified the +8 battleaxe of Dissent {speed, rPois Str+2}
                  | (Trog gifted it to you on level 9 of the Dungeon)
 10840 | D:10     | Entered Level 10 of the Dungeon
 10840 | D:10     | Noticed Joseph
 10846 | D:10     | Killed Joseph
 10976 | D:10     | Noticed Harold
 10991 | D:10     | Killed Harold
 10991 | D:10     | Reached skill level 9 in Bows
 11159 | D:10     | Killed an unseen horror
 11159 | D:10     | Reached skill level 10 in Bows
 11309 | D:10     | Noticed Psyche
 11313 | D:10     | Killed Psyche
 11605 | D:11     | Found Tofuku's Book Emporium.
 11688 | D:11     | Noticed a two-headed ogre
 11696 | D:11     | Reached XP level 12. HP: 92/93 MP: 10/12
 11704 | D:11     | Killed a two-headed ogre
 11704 | D:11     | Reached skill level 11 in Bows
 12025 | D:11     | Found a staircase to the Orcish Mines.
 12084 | D:11     | Noticed Erica
 12088 | D:11     | Killed Erica
 12088 | D:11     | Reached skill level 12 in Bows
 12094 | D:11     | Received a gift from Trog
 12218 | D:11     | Noticed a two-headed ogre
 12226 | D:11     | Killed a two-headed ogre
 12376 | D:11     | Found a basalt altar of Yredelemnul.
 12384 | D:11     | Noticed a two-headed ogre
 12396 | D:11     | Killed a two-headed ogre
 12396 | D:11     | Reached skill level 13 in Bows
 12730 | Lair:1   | Entered Level 1 of the Lair of Beasts
 12953 | Lair:1   | Noticed a four-headed hydra
 12954 | Lair:1   | Noticed Fannar
 12961 | Lair:1   | Killed a five-headed hydra
 12971 | Lair:1   | Killed Fannar
 12971 | Lair:1   | Reached skill level 14 in Bows
 13899 | Lair:2   | Found a runed gate.
 13899 | Lair:2   | Found a runed gate.
 13899 | Lair:2   | Found a runed gate.
 13982 | Lair:2   | Noticed Cycubueb's ghost (journeyman MiFi)
 14531 | Lair:3   | Reached skill level 15 in Axes
 15044 | Lair:3   | Noticed an eight-headed hydra
 15054 | Lair:3   | Killed a 13-headed hydra
 15240 | Lair:3   | Reached XP level 13. HP: 91/99 MP: 11/13
 15636 | Lair:4   | Found a staircase to the Shoals.
 15718 | Lair:4   | Found a hole to the Spider Nest.
 15853 | Lair:4   | Received a gift from Trog
 15857 | Lair:4   | HP: 24/99 [meliai/divine providence (11)]
 15858 | Lair:4   | HP: 11/99 [poisoned by a killer bee]
 15859 | Lair:4   | HP: 3/99 [meliai/divine providence (9)]
 15864 | Lair:4   | HP: 2/99 [poisoned by a killer bee]
 15867 | Lair:4   | Killed from afar by a rime drake

Vault maps used:
D:1:      lightli_arrival_isolated_outpost, minmay_misc_feat_rows,
          kennysheep_boxes
D:2:      nicolae_qazlal_eye_of_the_storm, first_ration,
          small_statue_intersection, uniq_robin
D:3:      cheibriados_altar_1, lemuel_coloured_pillars_altar
D:4:      nicolae_tso_carved_into_rock, uniq_ijyb
D:5:      corexii_shack_village, chequers_ossuary_entry_cave,
          vehumet_altar_wand_db
D:6:      nicolae_ru_sacrificial_ziggurat, temple_hall,
          chequers_serial_rivers_small_3, kennysheep_generic_room_3
D:7:      nicolae_zen_rock_garden, grunt_ogre_cave, minmay_misc_feat_rugged
D:8:      overflow_temple_1_default
D:9:      minmay_lair_entry_grove, basic_altar, jiyva_altar_1
D:10:     nicolae_sextant, uniq_joseph, uniq_harold, uniq_psyche
D:11:     orc_0_dummy, basic_altar, serial_shops, shop, uniq_erica
Lair:1:   chequers_serial_rivers_small_3, uniq_fannar
Lair:2:   gammafunk_ghost_icy
Lair:4:   regret_index_bee_streams, minmay_shoals_entry_centaurs,
          nicolae_spider_entry_orb_guardian, beast_lair_carwin_6
Ossuary:  ossuary_crypta

Skill      XL: |  1  2  3  4  5  6  7  8  9 10 11 12 |
---------------+-------------------------------------+-----
Axes           | 3 4 6 8 10 14 15 | 15.7
Fighting       | 4 5 |  5.0
Armour         | 4 5 |  5.0
Dodging        | 4 5 |  5.0
Bows           | 10 14 | 14.1

Action                   |  1- 3 |  4- 6 |  7- 9 | 10-12 | 13-15 || total
-------------------------+-------+-------+-------+-------+-------++-------
Melee: Hand axe          |    98 |   203 |       |       |       ||   301
       Kick              |    15 |    53 |    53 |   141 |    15 ||   277
       War axe           |       |    17 |   206 |   127 |       ||   350
       Dire flail        |       |       |       |   104 |       ||   104
       Battleaxe         |       |       |       |   244 |    63 ||   307
Invok: Berserk           |     1 |       |     4 |     9 |     1 ||    15
       Brothers in Arms  |       |       |       |     1 |       ||     1
  Use: Potion            |       |     1 |     2 |     1 |       ||     4
       Scroll            |       |     7 |    16 |     7 |     4 ||    34
  Eat: Chunk             |     1 |     9 |     9 |    27 |     4 ||    50
       Ration            |       |       |     1 |       |       ||     1
Armor: Animal skin       |    21 |    82 |    50 |       |       ||   153
       Plate armour      |       |       |    10 |   303 |    48 ||   361
Dodge: Dodged            |    51 |   119 |    80 |   128 |    30 ||   408

Table legend:
 A = Non-vault XP
 B = Vault XP
 C = Vault XP percentage of total XP
 D = Non-vault monster count
 E = Vault monster count
 F = Vault count percentage of total count
                 A         B        C        D         E       F
            +---------+---------+-------+---------+---------+-------
      Total |   23426 |   10288 |  30.5 |     314 |      94 |  23.0
            +---------+---------+-------+---------+---------+-------
        D:1 |      28 |       0 |   0.0 |      15 |       0 |   0.0
        D:2 |      69 |      38 |  35.5 |      23 |      13 |  36.1
        D:3 |     102 |       0 |   0.0 |      24 |       0 |   0.0
        D:4 |     384 |      36 |   8.6 |      26 |       1 |   3.7
        D:5 |     590 |      24 |   3.9 |      21 |      11 |  34.4
        D:6 |    1240 |      36 |   2.8 |      34 |       1 |   2.9
        D:7 |     614 |     118 |  16.1 |      13 |       1 |   7.1
        D:8 |    1508 |       0 |   0.0 |      34 |       0 |   0.0
        D:9 |    1521 |    2210 |  59.2 |      34 |      17 |  33.3
       D:10 |    1820 |    1828 |  50.1 |       8 |       3 |  27.3
       D:11 |    5857 |     939 |  13.8 |      47 |       1 |   2.1
     Lair:1 |     922 |     978 |  51.5 |       1 |       1 |  50.0
     Lair:2 |    2732 |       0 |   0.0 |      14 |       0 |   0.0
     Lair:3 |    5172 |       0 |   0.0 |      16 |       0 |   0.0
     Lair:4 |     867 |    3955 |  82.0 |       4 |      33 |  89.2
    Ossuary |       0 |     126 | 100.0 |       0 |      12 | 100.0
            +---------+---------+-------+---------+---------+-------

Vault maps used:
D:1:      lightli_arrival_isolated_outpost, minmay_misc_feat_rows,
          kennysheep_boxes
D:2:      nicolae_qazlal_eye_of_the_storm, first_ration,
          small_statue_intersection, uniq_robin
D:3:      cheibriados_altar_1, lemuel_coloured_pillars_altar
D:4:      nicolae_tso_carved_into_rock, uniq_ijyb
D:5:      corexii_shack_village, chequers_ossuary_entry_cave,
          vehumet_altar_wand_db
D:6:      nicolae_ru_sacrificial_ziggurat, temple_hall,
          chequers_serial_rivers_small_3, kennysheep_generic_room_3
D:7:      nicolae_zen_rock_garden, grunt_ogre_cave, minmay_misc_feat_rugged
D:8:      overflow_temple_1_default
D:9:      minmay_lair_entry_grove, basic_altar, jiyva_altar_1
D:10:     nicolae_sextant, uniq_joseph, uniq_harold, uniq_psyche
D:11:     orc_0_dummy, basic_altar, serial_shops, shop, uniq_erica
Lair:1:   chequers_serial_rivers_small_3, uniq_fannar
Lair:2:   gammafunk_ghost_icy
Lair:4:   regret_index_bee_streams, minmay_shoals_entry_centaurs,
          nicolae_spider_entry_orb_guardian, beast_lair_carwin_6
Ossuary:  ossuary_crypta

Table legend:
 A = Turns spent in this place as a percentage of turns spent in the entire game.
 B = Non-inter-level travel turns spent in this place as a percentage of non-inter-level travel turns spent in the entire game.
 C = Inter-level travel turns spent in this place as a percentage of turns spent in this place.
 D = Turns resting spent in this place as a percentage of non-inter-level travel turns spent in this place.
 E = Turns spent auto-exploring this place as a percentage of non-inter-level travel turns spent in this place.
 F = Non-inter-level travel turns spent in this place divided by the number of levels of this place that you've seen.
                   A       B       C       D       E      F
               +-------+-------+-------+-------+-------+----------------------
         Total | 100.0 | 100.0 |   8.3 |  11.1 |  73.2 | 909.2
       Dungeon |  78.1 |  77.1 |   9.4 |  11.9 |  71.6 | 1020.0
          Lair |  19.8 |  20.5 |   4.9 |   4.9 |  83.7 | 745.5
       Ossuary |   2.2 |   2.4 |   0.0 |  40.9 |  35.9 | 345.0
               +-------+-------+-------+-------+-------+----------------------

Table legend:
 A = Kills in this place as a percentage of kills in entire the game.
 B = Kills by you in this place as a percentage of kills by you in the entire game.
 C = Kills by friends in this place as a percentage of kills by friends in the entire game.
 D = Other kills in this place as a percentage of other kills in the entire game.
 E = Experience gained in this place as a percentage of experience gained in the entire game.
 F = Experience gained in this place divided by the number of levels of this place that you have seen.
                   A       B       C       D       E      F
               +-------+-------+-------+-------+-------+----------------------
         Total | 100.0 | 100.0 | 100.0 |   N/A | 100.0 | 2107.1
       Dungeon |  80.1 |  80.3 |   0.0 |   N/A |  56.2 | 1723.8
          Lair |  16.9 |  16.7 | 100.0 |   N/A |  43.4 | 3656.5
       Ossuary |   2.9 |   2.9 |   0.0 |   N/A |   0.4 | 126.0
               +-------+-------+-------+-------+-------+----------------------
